Cogmind - Beta 15 @@@ ROGUE MODE // 2025.05.09 @ 01:37:32 Player: Jammed Result: Destroyed by Autobeam Turret with Autobeam Performance ------------- Evolutions (0) 0 Regions Visited (2) 400 Robots Destroyed (29) 145 Value Destroyed (661) 661 Prototype IDs (0) 0 Alien Tech Used (0) 0 Bonus (0) 0 TOTAL SCORE: 1206 Bonus ------- None Cogmind --------- Core Integrity 0/250 Matter 300/300 Energy 198/200 System Corruption 0% Temperature Cool (30) Movement Rolling (130) Ox2 Location -10/Subcaves Parts ------- > --- POWER (1) -------- Subdweller Power Source > --- PROPULSION (2) --- Subdweller Monowheel Subdweller Monowheel > --- UTILITY (2) ------ Huge Storage Unit > --- WEAPON (2) ------- Autogun Autogun > --- INVENTORY (25) --- Subdweller Power Source Subdweller Power Source Subdweller Power Source Compact Wheel Subdweller Monowheel Subdweller Monowheel Subdweller Monowheel Large Storage Unit Subdweller Optics Subdweller Optics Subdweller Optics Sensor Array Seismic Detector Light Armor Plating Scrap Shield Shield Generator Shield Generator Particle Gun Subdweller Laser Subdweller Laser Subdweller Machine Gun Subdweller Machine Gun Subdweller Machine Gun Subdweller Shrapnel Launcher Peak State ------------ > --- POWER ------------ Subdweller Power Source > --- PROPULSION ------- Subdweller Monowheel Subdweller Monowheel > --- UTILITY ---------- Huge Storage Unit Light Armor Plating > --- WEAPON ----------- Autogun Autogun > --- INVENTORY -------- Subdweller Power Source Subdweller Power Source Compact Wheel Subdweller Monowheel Subdweller Monowheel Subdweller Monowheel Heat Sink Large Storage Unit Subdweller Optics Subdweller Optics Sensor Array Seismic Detector Light Armor Plating Scrap Shield Shield Generator Shield Generator Particle Gun Particle Gun Subdweller Laser Subdweller Laser Subdweller Machine Gun Subdweller Machine Gun Battle Cannon Subdweller Shrapnel Launcher [Rating: 16] Favorites ----------- Power Light Ion Engine Engine Light Ion Engine Power Core Light Nuclear Core Propulsion Compact Wheel Leg Aluminum Leg Wheel Compact Wheel Utility Huge Storage Unit Device Seismic Detector Storage Huge Storage Unit Protection Light Armor Plating Weapon Autogun Energy Gun Particle Gun Ballistic Gun Autogun Launcher Subdweller Shrapnel Launcher Build | -11 -10 -10 ------- Run | Yrd Mat Sub Slots Evolved . | . . . Power . | . . . Propulsion . | . . . Utility . | . . . Weapon . | . . . Parts Attached 32 | 1 22 9 Power 5 | . 3 2 Engine 4 | . 2 2 Core 1 | . 1 . Reactor . | . . . Propulsion 8 | . 6 2 Treads . | . . . Leg 2 | . 2 . Wheel 6 | . 4 2 Hover . | . . . Flight . | . . . Utility 8 | 1 5 2 Device 4 | 1 2 1 Storage 2 | . 2 . Processor . | . . . Hackware . | . . . Protection 2 | . 1 1 Artifact . | . . . Weapon 11 | . 8 3 Energy Gun 6 | . 6 . Energy Cannon . | . . . Ballistic Gun 4 | . 2 2 Ballistic Cannon . | . . . Launcher 1 | . . 1 Special Weapon . | . . . Impact Weapon . | . . . Slashing Weapon . | . . . Piercing Weapon . | . . . Special Melee Weapon . | . . . Unidentified Prototypes . | . . . Parts Lost 7 | . 3 4 Power 2 | . 1 1 Propulsion 2 | . . 2 Utility 1 | . . 1 Weapon 2 | . 2 . Highest Loss Streak 2 | . 2 2 To Critical Strikes . | . . . Average Backups 14 | 6 9 21 Power . | 1 . 1 Propulsion 4 | 4 2 6 Utility 5 | . 4 7 Weapon 4 | 1 2 6 Tool/Special . | . . . Unused Backups 34 | 6 7 21 Power 5 | 1 2 2 Propulsion 11 | 2 4 5 Utility 7 | 1 . 6 Weapon 11 | 2 1 8 Tool/Special . | . . . Average Slot Usage (%) 91 | . 90 92 Engine 5 | . 4 7 Core 4 | . 7 . Leg 8 | . 14 . Wheel 15 | . 7 26 Device 9 | . 13 3 Storage 14 | . 14 14 Protection 4 | . . 10 Energy Gun 13 | . 23 . Ballistic Gun 13 | . 3 27 Peak Build Rating 16 | 7 12 16 Average Rating 10 | 6 10 11 On Entrance 8 | 6 7 11 Naked Turns . | . . . Heaviest Build 97 | 12 92 97 Greatest Support 40 | 20 32 40 Greatest Overweight (x) 5 | . 5 5 Average Overweight (x) 1 | . . 2 Largest Inventory Capacity 25 | 8 25 25 Average Capacity 18 | 8 13 25 Most Carried 25 | 7 17 25 Average Carried 14 | 6 9 21 Final Capacity 25 | 8 25 25 Final Carried 25 | 7 17 25 Class Distribution -------------------- 85% | Mutant 14% | Scavenger-Mutant Dominant Class ---------------- Mutant | -10/Materials Mutant | -10/Subcaves Resources | -11 -10 -10 ----------- Run | Yrd Mat Sub Matter Collected 871 | 215 235 421 Remotely . | . . . Salvage Created 1014 | 83 568 363 Parts 78 | 7 35 36 Haulers Intercepted . | . . . Recyclers Shooed . | . . . Parts Field Recycled . | . . . Retrieved Matter . | . . . Parts Self-Destructed 10 | . . 10 Prevented . | . . . Kills | -11 -10 -10 ------- Run | Yrd Mat Sub Combat Hostiles Destroyed 20 | . 9 11 Guns 19 | . 8 11 Classes Destroyed 8 | 2 4 2 Builder 1 | . 1 . Tunneler 3 | 1 2 . Recycler 3 | 1 2 . Watcher 2 | . 2 . Swarmer 7 | . 3 4 Grunt 6 | . 6 . Sentry 1 | . . 1 Subdweller 6 | . . 6 Best Kill Streak 4 | 2 3 4 Combat Bots Only 4 | . 2 4 Max Kills in Single Turn 2 | 1 1 2 Gunslinging . | . . . Exploded . | . . . Melee . | . . . Uniques/NPCs Destroyed . | . . . Combat | -11 -10 -10 -------- Run | Yrd Mat Sub Hostile Shots Fired 116 | . 65 51 Missed 35 | . 22 13 Hits 81 | . 43 38 Projectile 81 | . 43 38 Critical Strikes 2 | . 2 . Damage Taken 1081 | . 460 621 Core 255 | . 106 149 Absorbed by Shields . | . . . Regen/Repaired (Parts) 24 | . 24 . Core Remaining (%) 100 | 100 . . Volleys Fired 79 | 5 45 29 Largest 2 | 2 2 2 Hottest 130 | 70 130 46 Shots Fired 155 | 10 89 56 Gun 153 | 10 89 54 Cannon . | . . . Launcher 2 | . . 2 Special . | . . . Kinetic 71 | 5 10 56 Thermal 55 | 5 50 . Explosive . | . . . Electromagnetic 29 | . 29 . Robot Hit Streak 13 | 4 6 13 Robot Miss Streak 3 | 1 3 2 Penetration Max . | . . . Secondary Targets 1 | . 1 . Max Gunslinging Chain 1 | . 1 . Shots Hit Robots 96 | 8 48 40 Core Hits 40 | 4 18 18 Critical Kills 1 | . . 1 Critical Parts Destroyed . | . . . Critical Strikes 2 | . 1 1 Burn 1 | . 1 . Destroy 1 | . . 1 Melee Attacks . | . . . Impact . | . . . Slashing . | . . . Piercing . | . . . Sneak Attacks . | . . . Combat Hostiles . | . . . Follow-up Attacks . | . . . Damage Inflicted 1458 | 75 784 599 Guns 1408 | 75 734 599 Cannons . | . . . Explosions 50 | . 50 . Melee . | . . . Ramming . | . . . Kinetic 712 | 38 75 599 Thermal 494 | 37 457 . Explosive . | . . . Electromagnetic 252 | . 252 . Impact . | . . . Slashing . | . . . Piercing . | . . . Highest Corruption . | . . . Average Corruption . | . . . Corruption Purged . | . . . Corruption Blocked . | . . . Overload Shots . | . . . Overflow Damage . | . . . Projectiles . | . . . Explosions . | . . . Melee . | . . . Knockbacks . | . . . Impact . | . . . Kinetic . | . . . Secondary . | . . . Self-Inflicted Damage 27 | . 13 14 Shots 2 | . 1 1 Rammed . | . . . Targets Rammed . | . . . Kicked . | . . . Crushed . | . . . Highest Temperature 279 | 70 279 . Average Temperature 86 | 28 91 . Received Heat Transfer 273 | . 183 90 Effects 2 | . 2 . Interference 2 | . 2 . Siege Activations . | . . . Martial Activations . | . . . Shielding Activations . | . . . Robots Disrupted . | . . . Combat Hostiles . | . . . Robots Corrupted 1 | . 1 . Combat Hostiles 1 | . 1 . Parts Fried 1 | . 1 . Impact Corruptions . | . . . Robots Melted . | . . . Combat Hostiles . | . . . Parts Melted 2 | . 2 . Heat Transferred 1284 | 111 1173 . Parts Sabotaged . | . . . Parts Stolen . | . . . Parts Stripped . | . . . Power Chain Reactions 1 | . 1 . Alert | -11 -10 -10 ------- Run | Yrd Mat Sub Maximum Alert Level . | . . . Low Security (%) 100 | 100 100 . Level 1 . | . . . Level 2 . | . . . Level 3 . | . . . Level 4 . | . . . Level 5 . | . . . High Security . | . . . Max Security . | . . . Peak Influence 106 | 5 106 . Initial . | . . . Average 26 | 3 26 . Influence Increases 504 | 10 349 145 Destroy 0b10 Robot/C 280 | . 180 100 Destroy 0b10 Robot/NC 45 | 10 35 . Destroy Leader 44 | . 44 . Successful Hack 9 | . 9 . Destroy Structure 6 | . 6 . Lose Combat Pursuer 120 | . 75 45 Influence Decreases 504 | 10 299 195 Entered New Map 25 | . . 25 Time Decay 439 | 10 269 160 Lost Part 40 | . 30 10 Squads Dispatched 2 | . 2 . Investigation 1 | . 1 . Extermination . | . . . Reinforcement 1 | . 1 . Assault . | . . . Garrison . | . . . Intercept . | . . . Searches Triggered . | . . . Construction Impeded . | . . . Haulers Reinforced . | . . . Active Scanning Responses . | . . . Cargo Convoy Interrupts . | . . . Stealth | -11 -10 -10 --------- Run | Yrd Mat Sub Distress Signals 2 | . 2 . Communications Jammed . | . . . Distress Signals . | . . . Times Spotted 36 | . 20 16 Peak Tracking Total 6 | . 3 6 Tactical Retreats 5 | . 4 1 Traps | -11 -10 -10 ------- Run | Yrd Mat Sub Traps Triggered 1 | . 1 . Indirectly . | . . . Trap Hack Attempts . | . . . Triggered . | . . . Disarmed . | . . . Reprogrammed . | . . . Reused . | . . . Traps Extracted . | . . . Installed . | . . . Triggered . | . . . Machines | -11 -10 -10 ---------- Run | Yrd Mat Sub Machines Disabled 1 | . 1 . Max in Single Turn 1 | . 1 . Machines Repaired . | . . . Machines Dismantled . | . . . Machines Sabotaged . | . . . Overloaded Fab Kills . | . . . Hacking | -11 -10 -10 --------- Run | Yrd Mat Sub Machines Accessed 9 | . 9 . Terminals 6 | . 6 . Fabricators . | . . . Repair Stations 1 | . 1 . Recycling Units 2 | . 2 . Scanalyzers . | . . . Garrison Access . | . . . Total Hacks 27 | . 27 . Successful 16 | . 16 . Failed 11 | . 11 . Catastrophic . | . . . Database Lockouts . | . . . Manual 19 | . 19 . Terminals 23 | . 23 . Fabricators . | . . . Repair Stations 2 | . 2 . Recycling Units 2 | . 2 . Scanalyzers . | . . . Garrison Access . | . . . Terminal Hacks 3 | . 3 . Robot Schematic 1 | . 1 . Hauler Manifests 1 | . 1 . Zone Layout 1 | . 1 . Fabricator Hacks . | . . . Repair Station Hacks 2 | . 2 . Scan Component 1 | . 1 . Repair 1 | . 1 . Recycling Unit Hacks 2 | . 2 . Report Inventory 2 | . 2 . Scanalyzer . | . . . Garrison Access Hacks . | . . . Unauthorized Hacks 9 | . 9 . Terminals 9 | . 9 . Botnet 2 | . 2 . Operators 1 | . 1 . Skim 6 | . 6 . Fabricators . | . . . Repair Stations . | . . . Recycling Units . | . . . Scanalyzers . | . . . Garrison Access . | . . . Data Cores Recovered . | . . . Used . | . . . Hacking Detections 7 | . 7 . Full Trace Events 1 | . 1 . Feedback Events . | . . . Feedback Blocked . | . . . Robot Schematics Acquired 1 | . 1 . Robots Built . | . . . Authchips . | . . . Time . | . . . Total Robot Build Rating . | . . . Part Schematics Acquired . | . . . Parts Built . | . . . Authchips . | . . . Time . | . . . Total Part Build Rating . | . . . Parts Repaired 1 | . 1 . Time 26 | . 26 . Parts Recycled . | . . . Recycled Matter . | . . . Retrieved Matter . | . . . Retrieved Components . | . . . Parts Scanalyzed . | . . . Part Schematics Acquired . | . . . Parts Damaged . | . . . Bothacking | -11 -10 -10 ------------ Run | Yrd Mat Sub Used RIF Installer . | . . . Robots Hacked . | . . . Non-combat . | . . . Combat . | . . . Robot Hacks Applied . | . . . Relay Couplers Released . | . . . Fabnet Peak Effective % . | . . . Robots Rewired . | . . . Allies Hacked . | . . . Hacks Repelled . | . . . Allies | -11 -10 -10 -------- Run | Yrd Mat Sub Total Allies . | . . . Largest Group . | . . . Highest-Rated Group . | . . . Highest-Rated Ally . | . . . Total Orders . | . . . Ally Attacks . | . . . Total Damage . | . . . Kills . | . . . Allies Corrupted . | . . . Allies Melted . | . . . Intel | -11 -10 -10 ------- Run | Yrd Mat Sub Active Infowar (turns) 1310 | 29 982 299 Sensors 299 | . . 299 Seismic 1011 | 29 982 . Robot Analysis Total . | . . . Derelict Logs Recovered 1 | . . 1 Drone Launches . | . . . Drone Recoveries . | . . . Exploration | -11 -10 -10 ------------- Run | Yrd Mat Sub Turns Passed 2819 | 42 1618 1159 Spaces Moved 1701 | 22 937 742 Core . | . . . Treads . | . . . Legs 603 | 22 581 . Wheels 1098 | . 356 742 Hover . | . . . Flight . | . . . Fastest Speed 115 | 120 115 129 Average Speed 130 | 120 128 134 Slowest Speed 190 | 120 190 175 Overloaded Moves . | . . . Propulsion Burnouts . | . . . Robots Hopped . | . . . Potential Cave-ins . | . . . Cave-ins Triggered . | . . . Exploration Rate (%) 43 | 4 88 38 Regions Visited 2 Branch Regions 1 Pre-discovered Areas 3 | . 2 1 Known Exits Taken . | . . . Unknown Exits Taken 2 | 1 1 . Scrap Searched 9 | . . 9 Spaces Dug 42 | . . 42 Terrain Destroyed 46 | . 4 42 Melee . | . . . Projectile . | . . . AOE 46 | . 4 42 Terrain Rammed . | . . . Walls Destroyed . | . . . Machines Disabled . | . . . Actions | -11 -10 -10 --------- Run | Yrd Mat Sub Total 2156 | 28 1270 858 Wait 272 | . 234 38 Move 1699 | 21 936 742 Hop . | . . . Pick Up 34 | 1 14 19 Fast Attach 13 | 1 9 3 Attach 3 | . 2 1 Detach 2 | . 2 . Swap 23 | . 11 12 Drop 31 | . 17 14 Fire 79 | 5 45 29 Melee . | . . . Ram . | . . . Kick . | . . . Crush . | . . . Escape Stasis . | . . . Rewire . | . . . Trap . | . . . Miscellaneous . | . . . Route ------- -11/Scrapyard -10/Materials (discovered 6 exits: *Mat x3 / [*Min x2] / [*Sub]) -10/Subcaves (discovered 2 exits: Mat x2) History --------- Turn | Location | Event 1 | -11/Scrapyard | Discovered new exit (range 3) 43 | -11/Scrapyard | Entered Materials 321 | -10/Materials | Build established: Mutant 479 | -10/Materials | Discovered new exit (range 9) 520 | -10/Materials | Discovered new exit (range 8) 560 | -10/Materials | Repaired Aluminum Leg 704 | -10/Materials | Discovered new exit (range 10) 759 | -10/Materials | Discovered new exit (range 13) 1099 | -10/Materials | Discovered new exit (range 9) 1326 | -10/Materials | Learned location of Storage (-9) 1378 | -10/Materials | Identified exit to Materials 1479 | -10/Materials | Loaded intel: 7 trap records 1518 | -10/Materials | Learned location of 3 exits from Materials 1553 | -10/Materials | Loaded intel: 26 non-interactive machine locations 1661 | -10/Materials | Entered Subcaves 1662 | -10/Subcaves | Approached by a straggling Scientist 1662 | -10/Subcaves | Identified exit to Materials 1670 | -10/Subcaves | Learned location of Zion (-6) 1723 | -10/Subcaves | Shifting Twisted Machinery released Spk. Treads 1850 | -10/Subcaves | Core integrity fell below 50% 1942 | -10/Subcaves | Shifting Twisted Machinery released Battle Cannon 2379 | -10/Subcaves | Core integrity fell below 20% 2820 | -10/Subcaves | Destroyed by Autobeam Turret with Autobeam Last Messages --------------- 02589_ Acquired Sub. Power Source. 02741_ Searching scrap... 02741_ Found Mak. Sword. 02741_ Found 46 Matter. 02742_ Acquired 46 matter. 02782_ 7I-V3G(R) destroyed. 02784_ 1X-CIN(R) destroyed. 02788_ Acquired Sub. Monowheel. 02790_ Dropped Com. Wheel. 02791_ Acquired Sub. Monowheel. 02794_ Dropped Lgt. Ion Engine. 02798_ Acquired 48 matter. 02800_ Dropped Heat Sink. 02801_ Acquired Sub. Optics. 02804_ Dropped Battle Cannon. 02805_ Acquired Sub. Machine Gun. 02807_ Dropped Particle Gun. 02808_ Acquired Sub. Power Source. 02809_ Acquired 26 matter. 02820_ Lgt. Armor Plating destroyed. Map ----- +----------------------------------------------------+ | # ##???????????## #?# ###???? | | #???????##### ##?## ##??? | | #????#### #???# #### | | ###### #???# | | # ###?# | | ## ## #### #### | | #### ###### ### ####??####### | | ##### #### ###????#### #?###???????????## ## | | ### #?####?????????## ##???????????????##### | | # ###??????????????### #???????????????????# | | # #???????????????## #????????????????##### | | ### ##???????????#### ##???????????????## ## | | #### ##??####????# #???????????????# # | | #### #### ###??## # # #????????####### | | ##### #??# # ###??????### "#### | | ### #?# ### [#??????## " ### | | ###### ## # ## #??# # #?????#" "## # | | ##??# #########??## ###????##" ###" # | | #### #" ####? # #??????#" [=!!# #"" # | | # "" ## # #??????#" %%%=# # | | ""# ## ##?????# %#%=# | | #### #?????#" [%%%=# #" | | # # # / ##%##?????#" !!=## ## | | ########## #####%#??????# [ | "# | | #####????????# " # # ##?????##" "" ## | | ?????????????### " # ##@ #??????# "" " ## # | | ???????????????#### # ### #??????##"" " ### # | | ?????????????????##&# #?# #???????###" ""#### # | | ?????????????????#&#* #?# #?????????######???## | | ???????????#######%& ##?# #???????????????????# | | ???????### # # #&# =##??# #???????????????????# | | ???????# !!][#???# #??????????????????# | | ???????# & ###???# #??????????????????# | | ??????# # !##?????# #?????????????????# | | ??????# ??### ##??????? #?????????????????# | | ?????????????# #???????? ????????????????? ? | | ?????????????## ???????? ????????????????????? | | ??????????????# ???????? ????????????????????? | | ?????????????? ???????t t ????????????????????? | | ?????????????? ???????" " ???????????????????? | | ?????????????? ??????? ??????????????????????? | | ????????????? ??????????????????????????????? | | ????????